 Dungeon Crawl Stone Soup version 0.28-a0-577-gb193047a1f (webtiles) character file.

Game seed: 5180964294728048424

147 iamoutofideas the Chopper (level 5, -2/46 HPs)
             Began as a Hill Orc Berserker on Oct 2, 2021.
             Was a Believer of Trog.
             Splashed by a jelly's acid (5 damage)
             ... on level 3 of the Dungeon.
             The game lasted 00:03:18 (3461 turns).

iamoutofideas the Chopper (Hill Orc Berserker)      Turns: 3461, Time: 00:03:18

Health: -2/46      AC: -7    Str: 21    XL:     5   Next: 29%
Magic:  5/5        EV: 12    Int:  7    God:    Trog [**....]
Gold:   103        SH:  0    Dex: 10    Spells: 4/4 levels left

rFire   . . .      SeeInvis .   a - +0 hand axe
rCold   . . .      Faith    .   (no shield)
rNeg    . . .      Spirit   .   b - +0 animal skin
rPois   .          Reflect  .   (no helmet)
rElec   .          Harm     .   k - +0 cloak
rCorr   .          Rampage  .   (no gloves)
Will    .....                   r - +0 pair of boots
Stlth   +.........              (no amulet)
HPRegen 0.15/turn               (no ring)
MPRegen 0.09/turn               (no ring)

@: corroded, on berserk cooldown, slowed, very slow
A: no striking features
a: Renounce Religion, Berserk, Trog's Hand


You were on level 3 of the Dungeon.
You worshipped Trog.
Trog was pleased with you.
You visited 1 branch of the dungeon, and saw 4 of its levels.

You collected 103 gold pieces.

Inventory:

Hand Weapons
 a - a +0 hand axe (weapon)
 i - a +0 war axe
Missiles
 s - 6 datura-tipped darts (quivered)
Armour
 b - a +0 animal skin (worn)
 e - a +2 ring mail of fire resistance
 g - a +0 leather armour
 k - a +0 cloak (worn)
 r - a +0 pair of boots (worn)
Wands
 n - a wand of mindburst (14)
 p - a wand of polymorph (11)
Scrolls
 f - a scroll of fear {unknown}
 h - 2 scrolls of teleportation {unknown}
 j - a scroll of summoning {unknown}
 l - a scroll of vulnerability {unknown}
 m - a scroll of acquirement {unknown}
 o - 2 scrolls of blinking {unknown}
 q - a scroll of amnesia {unknown}
Potions
 c - 2 potions of brilliance {unknown}
 d - a potion of flight {unknown}


   Skills:
 - Level 3.8 Fighting
 + Level 7.5 Axes
 - Level 2.2 Armour
 - Level 1.6 Dodging


You had 4 spell levels left.
You didn't know any spells.
Your spell library was empty.

Dungeon Overview and Level Annotations

Branches:
Dungeon (4/15)
 Temple: D:4-7

Altars:
Uskayaw
Vehumet

Annotations:
D:4 Menkaure


Message History

Level annotation: Menkaure The jelly hits you but does no damage. x2
There is a stone staircase leading up here.
The jelly hits you but does no damage.
You climb upwards.
There is a stone staircase leading down here.
You hit the jelly.
Your hands burn!
The jelly is moderately wounded.
The jelly hits you but does no damage.
You hit the jelly.
Your hands burn!
The jelly is severely wounded.
The jelly hits you. The acid corrodes you!
You are splashed with acid!
You hit the jelly.
Your hands burn!
The jelly is almost dead.
The jelly closely misses you.
You hit the jelly but do no damage.
Your hands burn!
The jelly is almost dead.
The jelly hits you. The acid corrodes you!
You are splashed with acid!
* * * LOW HITPOINT WARNING * * *
You are too injured to fight recklessly!
A red film seems to cover your vision as you go berserk!
You feel yourself moving faster!
You feel mighty! The jelly hits you.
* * * LOW HITPOINT WARNING * * *
The acid corrodes you!
You are splashed with acid!
* * * LOW HITPOINT WARNING * * *
You hit the jelly.
Your hands burn!
* * * LOW HITPOINT WARNING * * *
The jelly is almost dead.
You feel a strong urge to attack something.
You feel your anger nearly subside.
You are no longer berserk.
You are exhausted.
You feel yourself slow down.
Aiming: Mindburst
Press: ? - help, Shift-Dir - straight line, f - jelly
Aim: a jelly (almost dead, not susceptible)
Okay, then.
Unknown command.
You hit the jelly but do no damage.
Your hands burn!
You die...

.........# #.....####...#.# #.
.........## #.........##.#.# #.
..........# #......##.##.#.#####.
..........###...<..##.##.#.......
..........##.......##.##.########
..####....##.............########
..# #.....#.............##.##...
######...#.#................##.##
.........#......@.......###.##.#.
.........##...##J#......# #.##.#.
.........##...##.#......###.##.#.
.................#..........##...
.................######.##...####
.......#.........##.....##.#.####
.......#.........##.####...#.....
.......#..............#.........#
.......#.........##.#.#........##


You could see a jelly.

Vanquished Creatures
  Crazy Yiuf (D:2)
  3 adders
  4 worms (D:2)
  2 dart slugs
  5 ball pythons
  5 bats
  12 endoplasms
  6 giant cockroaches
  2 goblins
  6 hobgoblins
  8 jackals
  4 quokkas (D:2)
  3 frilled lizards
  5 kobolds
  3 rats (D:1)
69 creatures vanquished.

Notes
Turn   | Place    | Note
-------+----------+-------------------------------------------
     0 | D:1      | iamoutofideas the Hill Orc Berserker began the quest for
                  | the Orb.
     0 | D:1      | Reached XP level 1. HP: 19/19 MP: 1/1
   385 | D:1      | Reached XP level 2. HP: 13/27 MP: 2/2
  1234 | D:2      | Reached skill level 5 in Axes
  1288 | D:2      | Reached XP level 3. HP: 33/33 MP: 3/3
  1497 | D:2      | Reached ** piety under Trog
  1751 | D:2      | Reached skill level 6 in Axes
  1858 | D:2      | Reached XP level 4. HP: 28/40 MP: 4/4
  1960 | D:2      | Found a runed translucent door.
  1961 | D:2      | Noticed Crazy Yiuf
  2347 | D:2      | Found a faded altar of an unknown god.
  2483 | D:2      | Killed Crazy Yiuf
  2666 | D:3      | Reached skill level 7 in Axes
  2705 | D:3      | Reached XP level 5. HP: 46/46 MP: 5/5
  3338 | D:3      | Found a hide-covered altar of Uskayaw.
  3339 | D:3      | Found a radiant altar of Vehumet.
  3371 | D:4      | Noticed Menkaure
  3451 | D:3      | HP: 3/69 [acid (1)]
  3461 | D:3      | Splashed by a jelly's acid

Illustrated notes

Levels and vault maps discovered:
D:1:      dpeg_arrival_tiny_c, layout_rooms
D:2:      layout_rooms, chequers_ecumenical_altar_simple_redux,
          uniq_crazy_yiuf_cottage
D:3:      layout_basic, gammafunk_temple_overflow_pools
D:4:      layout_rooms, tso_oasis_becter, gammafunk_ghost_mausoleum,
          uniq_menkaure, uniq_eustachio

Skill      XL: |  1  2  3  4 |
---------------+-------------+-----
Axes           | 5 6 7 |  7.5
Fighting       | |  3.8
Armour         | |  2.2
Dodging        | |  1.6

Action                   |  1- 3 |  4- 6 || total
-------------------------+-------+-------++-------
Melee: Hand axe          |   123 |   135 ||   258
Invok: Berserk           |     4 |     2 ||     6
Armor: Animal skin       |    25 |    45 ||    70
Dodge: Dodged            |   116 |    88 ||   204

Table legend: (Time is in decaauts)
 A = Elapsed time spent in this place.
 B = Non-inter-level travel time spent in this place.
 C = Inter-level travel time spent in this place.
 D = Time resting spent in this place.
 E = Time spent auto-exploring this place.
 F = Levels seen in this place.
 G = Mean time per level.
                   A        B        C        D        E       F      G
               +--------+--------+--------+--------+--------+-----+--------+
         Total |   3511 |   3348 |    163 |    691 |   2107 |   4 |  877.8 |
       Dungeon |   3511 |   3348 |    163 |    691 |   2107 |   4 |  877.8 |
               +--------+--------+--------+--------+--------+-----+--------+

Top non-repeatable levels by time:
     D:2: 1422 daAuts
     D:1: 1229 daAuts
     D:3: 854 daAuts
     D:4: 6 daAuts
